[Event "*** Monthly 3|2 Blitz Masters"]
[Site "Chess.com"]
[Date "2014.11.25"]
[Round "3"]
[White "bugsbunny444"]
[Black "162a54f5d"]
[Result "1/2-1/2"]
[WhiteElo "2315"]
[BlackElo "2310"]
[TimeControl "180+2"]
[EndTime "11:35:38 PST"]
[Termination "Game drawn by agreement"]

1. Nf3 f5 2. g3 Nf6 3. Bg2 g6 4. O-O d6 5. d4 Bg7 6. b4 O-O 7. Bb2 Ne4 8. c4 c6 9. Qb3 d5 10. cxd5 cxd5 11. Nc3 e6 12. Nxe4 fxe4 13. Ne5 Nd7 14. Rac1 Nxe5 15. dxe5 Bd7 16. Bd4 Bb5 17. Qb2 Qd7 18. Rfd1 Ba4 19. Re1 b6 20. Rc3 Bh6 21. e3 Bb5 22. Rec1 Bc4 23. Bxe4 Bg7 24. f4 b5 25. Bg2 a5 26. Ra3 axb4 27. Qxb4 Rfc8 28. Bc5 Qc6 29. Bd6 Rxa3 30. Qxa3 Ra8 31. Qc5 Qxc5 32. Bxc5 Rxa2 33. Bd4 b4 34. e4 Bf8 35. exd5 Bxd5 36.
Bxd5 exd5 37. Rb1 Rd2 38. Bf2 Kf7 39. Be1 Rd4 40. Kf2 Ke6 41. Ke3 Bc5 42. Kf3 Rc4 43.
h4 h5 44. Rb2 Kf5 45. Rb3 Re4 46.
Bf2 Bxf2 47. Kxf2 Rc4 48. Ke3 Kg4 49. e6 Re4+ 50. Kf2 Rxe6 51. Rxb4 Rc6 52. Rb2 Rc3 53. Rd2 Rf3+ 54. Ke2 Rxg3 55. Rxd5 Kxf4 56. Kf2 Rb3 57. Rg5 Rb6 58. Kg2 Rf6 59. Kh3 Ke4 60. Kg3 Rf3+ 61. Kg2 Rf4 62. Kg3 Rf3+ 63. Kg2 Rf6 64. Kg3 Ra6 65.
Kg2 Ra2+ 66. Kg3 Ra6 67. Kh3 Kf4 68. Kg2 Ra2+ 69. Kh3 Ra3+ 70. Kg2 Ra2+ 71. Kh3 Ra6 72. Kg2 Rb6 73. Kh3 Kf3 74. Rg3+ Kf2 75. Rg5 Rb3+ 76. Kh2 Rb4 77. Kh3 Rb6 78. Kh2 Rb4 79. Kh3 Rb6 80. Kh2 Kf3 81. Kh3 Rb1 82. Rg3+ Kf2 83. Rg2+ Kf3 84.
Rg3+ Kf4 85. Rxg6 1/2-1/2

[Event "*** Monthly 3|2 Blitz Masters"]
[Site "Chess.com"]
[Date "2014.11.25"]
[Round "3"]
[White "GeorgMeier"]
[Black "Chesseducation4u"]
[Result "1-0"]
[WhiteElo "2574"]
[BlackElo "2418"]
[TimeControl "180+2"]
[EndTime "11:36:03 PST"]
[Termination "GeorgMeier won on time"]

1. Nf3 Nf6 2. g3 g6 3. Bg2 Bg7 4. O-O O-O 5. d4 c6 6. b3 d5 7. Nbd2 Bf5 8. Bb2 Ne4 9. c4 Qa5 10. e3 Nd7 11. a3 Nxd2 12. Nxd2 Nf6 13. b4 Qc7 14. Rc1 Qd7 15. Nf3 Bg4 16. cxd5 Bxf3 17. Bxf3 cxd5 18. Qd3 Rfc8 19. Rc5 e6 20. Rfc1 b6 21.
R5c2 Ne8 22. Qa6 Nd6 23. Be2 Rxc2 24. Rxc2 Rc8 25. Rxc8+ Qxc8 26. Qxc8+ Nxc8 27. b5 Nd6 28. a4 Bf8 29. Bd3 f5 30. f3 Kf7 31. Kf2 h5 32.
Ke2 Be7 33. Bc3 Bf8 34. Be1 Be7 35. h3 Bf8 36. g4 hxg4 37. hxg4 Be7 38. Bg3 Ke8 39.
Be5 Kd7 40. Bf4 Bf6 41. Bg3 Be7 42. Be5 Bg5 43. Kf2 Bh4+ 44. Kf1 Be7 45. Ke1 Bh4+ 46. Ke2 Be7 47. Bg3 Bf6 48. Bc2 Be7 49. e4 fxe4 50.
fxe4 dxe4 51. Ke3 Bg5+ 52. Bf4 Bf6 53. Bxe4 g5 54. Bg3 Nc4+ 55. Kd3 Nb2+ 56. Kc2 Nc4 57. Kd3 Nd6 58. Bc6+ Ke7 59. Bh2 Bg7 60. Bg3 Bf6 61. Be1 Bh8 62. Bb4 Bf6 63. Bd2 Kd8 64. Bc1 Kc7 65. Ba3 Bg7 66. Bf3 Bf6 67. Bb4 Kd7 68. Bc6+ Kc7 69. a5 Bg7 70. a6 Bf6 71. Be1 Bg7 72.
Bg3 Bf6 73. Bh2 Bg7 74. Bg3 Bf6 75. Bf2 Bg7 76. Be3 Bf6 77. Bg1 Kd8 78. d5 1-0

[Event "*** Monthly 3|2 Blitz Masters"]
[Site "Chess.com"]
[Date "2014.11.25"]
[Round "4"]
[White "Hafez_Bakr"]
[Black "MoreChessJulia"]
[Result "0-1"]
[WhiteElo "1776"]
[BlackElo "1881"]
[TimeControl "180+2"]
[EndTime "11:40:10 PST"]
[Termination "MoreChessJulia won by resignation"]

1. e4 e6 2. d4 d5 3. e5 c5 4. c3 Nc6 5. Nf3 Qb6 6. a3 a5 7. Bd3 Bd7 8. Bc2 h5 9. h4 Nh6 10. O-O g6 11. dxc5 Bxc5 12. Nbd2 Ng4 13. Nb3 Bxf2+ 14. Kh1 Ncxe5 15. Nxe5 Nxe5 16. Nd4 Ng4 17. Qf3 Qd8 18. g3 e5 19. Qxf7+ Kxf7 20. Bg5 Qc7 21.
Nf3 e4 22. Nd4 Qxg3 0-1

[Event "*** Monthly 3|2 Blitz Masters"]
[Site "Chess.com"]
[Date "2014.11.25"]
[Round "4"]
[White "Chesseducation4u"]
[Black "hitaman"]
[Result "0-1"]
[WhiteElo "2409"]
[BlackElo "2401"]
[TimeControl "180+2"]
[EndTime "11:41:32 PST"]
[Termination "hitaman won on time"]

1. Nf3 d5 2. g3 Nf6 3. Bg2 c5 4. O-O Nc6 5. d4 e6 6. c4 dxc4 7. Qa4 Bd7 8. dxc5 Na5 9. Qb4 b6 10. Be3 Rc8 11. Rd1 Nd5 12. Qe1 Nxe3 13. fxe3 Bxc5 14. Ne5 Rc7 15. Qd2 Qg5 0-1

[Event "*** Monthly 3|2 Blitz Masters"]
[Site "Chess.com"]
[Date "2014.11.25"]
[Round "4"]
[White "grandmastergauri"]
[Black "Argente"]
[Result "1-0"]
[WhiteElo "2340"]
[BlackElo "2161"]
[TimeControl "180+2"]
[EndTime "11:41:37 PST"]
[Termination "grandmastergauri won by resignation"]

1. e4 g6 2. g3 Bg7 3. Bg2 d6 4.
d3 Nf6 5. h3 O-O 6. f4 c5 7.
Ne2 Nc6 8. O-O Bd7 9. g4 b5 10. Nd2 a5 11. Nf3 a4 12. a3 c4 13. Be3 Rb8 14. f5 cxd3 15. cxd3 Na5 16. Qe1 Nb3 17. Rd1 Rc8 18. Qh4 Rc2 19. Ng3 Rxb2 20. Bh6 Qb6+ 21. Kh1 Rc8 22. g5 Ne8 23. f6 exf6 24. Bxg7 Kxg7 25. gxf6+ Nxf6 26. Ng5 Rf2 27. Rxf2 Qxf2 1-0

[Event "*** Monthly 3|2 Blitz Masters"]
[Site "Chess.com"]
[Date "2014.11.25"]
[Round "4"]
[White "gmjlh"]
[Black "162a54f5d"]
[Result "1-0"]
[WhiteElo "2532"]
[BlackElo "2294"]
[TimeControl "180+2"]
[EndTime "11:42:17 PST"]
[Termination "gmjlh won by checkmate"]

1. e4 e5 2. Nf3 Nc6 3. Bb5 a6 4.
Ba4 Nf6 5. O-O Be7 6. Re1 b5 7. Bb3 d6 8. c3 O-O 9. h3 Na5 10.
Bc2 c5 11. d4 Qc7 12. d5 Bd7 13. Nbd2 Nb7 14. c4 Nd8 15. Nf1 bxc4 16. Ne3 Bb5 17.
Nd2 Nb7 18. Ndxc4 Na5 19. Nd2 c4 20. Nb1 Rfc8 21. Nf5 Bf8 22. Bg5 Nd7 23. Qg4 Nc5 24. Bf6 g6 25. Qg5 h6 26. Nxh6+ Kh7 27. Ng4 Bg7 28.
Bxg7 Kxg7 29. Qh6+ Kg8 30. Nf6# 1-0

[Event "*** Monthly 3|2 Blitz Masters"]
[Site "Chess.com"]
[Date "2014.11.25"]
[Round "4"]
[White "patzerplay"]
[Black "Vandros57"]
[Result "1-0"]
[WhiteElo "2089"]
[BlackElo "1791"]
[TimeControl "180+2"]
[EndTime "11:42:26 PST"]
[Termination "patzerplay won by resignation"]

1. e4 c5 2. c3 d5 3. exd5 Qxd5 4.
d4 Nf6 5. Nf3 Bg4 6. Qa4+ Nbd7 7. Bc4 Qe4+ 8. Be3 Bxf3 9. Nd2 Qg6 10. Nxf3 Qxg2 11. Ke2 e6 12. dxc5 Be7 13. Rhg1 Qh3 14.
Rxg7 a6 15. Rd1 Rd8 16. Rxf7 Qh5 17. Bxe6 Rf8 18. Rxf6 Rxf6 19. Bxd7+ Kf8 20. Qe4 Qf7 21. Bd4 Rxd7 22. Bxf6 Rxd1 23. Bxe7+ Qxe7 24. Qxe7+ Kxe7 25. Kxd1 1-0

[Event "*** Monthly 3|2 Blitz Masters"]
[Site "Chess.com"]
[Date "2014.11.25"]
[Round "4"]
[White "rhungaski"]
[Black "jlandaw"]
[Result "1-0"]
[WhiteElo "2421"]
[BlackElo "2266"]
[TimeControl "180+2"]
[EndTime "11:42:29 PST"]
[Termination "rhungaski won by resignation"]

1. e4 e5 2. Nf3 Nc6 3. Bb5 a6 4. Ba4 Nf6 5. O-O Be7 6. Re1 b5 7. Bb3 d6 8. c3 O-O 9. h3 Na5 10. Bc2 c5 11. d4 Qc7 12. Nbd2 cxd4 13. cxd4 Rd8 14. d5 Bd7 15. Nf1 Rdc8 16. Bd3 Bd8 17.
b3 Qa7 18. Bd2 Bb6 19. Qe2 Nb7 20. b4 a5 21. a3 axb4 22. axb4 Qxa1 23. Rxa1 Rxa1 24.
Bxb5 Kf8 25. Bxd7 Nxd7 26. Qb5 Ke7 27. g3 Rc2 28. Kg2 Raa2 29. Ne3 Rxd2 30. Nxd2 Rxd2 31.
Nf5+ Kd8 32. h4 g6 33. Nh6 Rxf2+ 34. Kh3 Ke7 35. Ng8+ Ke8 36. h5 Rc2 37. Nf6+ Ke7 38. Nxd7 Rc7 39. Nxb6 1-0

[Event "*** Monthly 3|2 Blitz Masters"]
[Site "Chess.com"]
[Date "2014.11.25"]
[Round "4"]
[White "JamesColeman"]
[Black "jup1978"]
[Result "1-0"]
[WhiteElo "2283"]
[BlackElo "2118"]
[TimeControl "180+2"]
[EndTime "11:43:39 PST"]
[Termination "JamesColeman won by checkmate"]

1. d4 d5 2. Nf3 Nf6 3. Bg5 g6 4. Bxf6 exf6 5. e3 Bd6 6. c4 dxc4 7. Bxc4 c6 8. Nc3 Nd7 9. O-O O-O 10. Rc1 Nb6 11. Bb3 Qe7 12. h3 Be6 13. Bxe6 Qxe6 14. Qb3 Qxb3 15. axb3 f5 16. Na4 Nd5 17.
Nc5 Bxc5 18. Rxc5 f6 19. Ne1 Rfe8 20. Nd3 Kf7 21. Rc4 a6 22. Nb4 Nxb4 23. Rxb4 b5 24.
d5 c5 25. Rh4 h5 26. Rf4 Re5 27. Rd1 Rd8 28. d6 Ke6 29. g4 fxg4 30. hxg4 g5 31.
Rf5 Rxf5 32. gxf5+ Kxf5 33. d7 Ke6 34. Ra1 Rxd7 35. Rxa6+ Rd6 36. Ra5 Rb6 37. Kg2 Kd5 38.
Kf3 c4 39. e4+ Kc5 40. bxc4 Kxc4 41. Ra3 b4 42. Re3 Rd6 43. e5 fxe5 44. Rxe5 Rd5 45. Re4+ Kb3 46. Kg3 Rb5 47. Re2 Ka2 48. f4 gxf4+ 49.
Kxf4 b3 50. Ke4 h4 51. Kd4 h3 52. Rh2 Rh5 53. Kc4 Rh8 54. Kb4 Rb8+ 55. Kc3 Rc8+ 56. Kb4 Rh8 57. Kc4 Rh4+ 58. Kc3 Rh6 59. Kb4 Rh7 60.
Kc4 Rc7+ 61. Kb4 Rc2 62. Rxh3 Rxb2 63. Ka4 Rb1 64. Rg3 b2 65. Ra3# 1-0

[Event "*** Monthly 3|2 Blitz Masters"]
[Site "Chess.com"]
[Date "2014.11.25"]
[Round "4"]
[White "WanderingPuppet"]
[Black "josiwales"]
[Result "1/2-1/2"]
[WhiteElo "2028"]
[BlackElo "1823"]
[TimeControl "180+2"]
[EndTime "11:43:48 PST"]
[Termination "Game drawn by repetition"]

1. Nc3 Nf6 2. d4 d5 3. Bf4 g6 4. e3 c6 5. Nf3 Bg7 6. Be2 O-O 7. h3 Nbd7 8. Ne5 Nxe5 9. Bxe5 Nd7 10. Bxg7 Kxg7 11.
O-O Nb6 12. b3 f6 13. Bg4 f5 14. Be2 Qd6 15. Bf3 g5 16. a4 Qg6 17. a5 Nd7 18. Bh5 Qh6 19. f4 Nf6 20. Be2 g4 21. Qe1 Kh8 22. h4 Nh5 23. Na4 Nf6 24. Nc5 Ne4 25.
Nxe4 fxe4 26. g3 Bf5 27. Qb4 Qd6 28. Ra4 h5 29. Rfa1 Rfb8 30. Qc3 Kh7 31. Kf2 Kg6 32. Rb4 Qd7 33. Qc5 Qd6 34. Qc3 Qd7 35. Raa4 Qc7 36. Ra1 Qd7 1/2-1/2

[Event "*** Monthly 3|2 Blitz Masters"]
[Site "Chess.com"]
[Date "2014.11.25"]
[Round "4"]
[White "GMBenjaminBok"]
[Black "GMHess"]
[Result "0-1"]
[WhiteElo "2588"]
[BlackElo "2462"]
[TimeControl "180+2"]
[EndTime "11:44:18 PST"]
[Termination "GMHess won by resignation"]

1. e4 e5 2. Nf3 Nc6 3. Bb5 Nf6 4.
O-O Nxe4 5. d4 Nd6 6. Bxc6 dxc6 7.
dxe5 Nf5 8. Qxd8+ Kxd8 9. h3 Ke8 10. Nc3 h6 11. b3 a5 12. Bb2 Bb4 13. Ne4 a4 14. g4 a3 15. Bc3 Bxc3 16. Nxc3 Ne7 17. Rad1 h5 18. Nh2 Ra5 19. Rfe1 Ng6 20. Kg2 Rc5 21. Re3 hxg4 22. Nxg4 Nf4+ 23. Kg3 g5 24. h4 Rxc3 25. hxg5 Bxg4 26. Kxg4 Rxe3 27. fxe3 Nd5 28. Re1 Rh2 0-1

[Event "*** Monthly 3|2 Blitz Masters"]
[Site "Chess.com"]
[Date "2014.11.25"]
[Round "4"]
[White "stepanosinovsky"]
[Black "FrankieJay"]
[Result "0-1"]
[WhiteElo "2281"]
[BlackElo "2188"]
[TimeControl "180+2"]
[EndTime "11:44:29 PST"]
[Termination "FrankieJay won by resignation"]

1. e4 c5 2. Nf3 Nc6 3. Nc3 Nf6 4.
Bb5 Qc7 5. O-O Nd4 6. e5 Nxf3+ 7. Qxf3 Qxe5 8. d3 e6 9. Be3 Bd6 10. g3 O-O 11. Rad1 Nd5 12. d4 cxd4 13. Bxd4 Qg5 14. Ne4 Qe7 15. c4 a6 16. Ba4 b5 17.
cxd5 bxa4 18. Nxd6 Qxd6 19. dxe6 Qc6 20. Qg4 f6 21. e7 Re8 22. f3 Qe6 23. Qf4 Qxe7 24. Rfe1 Qxe1+ 25. Rxe1 Rxe1+ 26. Kf2 Re6 27. Qc7 Kf7 28. g4 Rc6 29. Qd8 Rb8 30. Kg3 Rb4 31.
Bc3 Rb5 32. h4 h6 33. h5 Rd5 34. Qh8 a3 35. Qxh6 gxh6 0-1

[Event "*** Monthly 3|2 Blitz Masters"]
[Site "Chess.com"]
[Date "2014.11.25"]
[Round "4"]
[White "Mvpag"]
[Black "ChessWarrior7197"]
[Result "0-1"]
[WhiteElo "1878"]
[BlackElo "1809"]
[TimeControl "180+2"]
[EndTime "11:44:32 PST"]
[Termination "ChessWarrior7197 won by checkmate"]

1. d4 Nf6 2. Nf3 g6 3. c4 Bg7 4. Nc3 d5 5. e3 O-O 6. Be2 dxc4 7. Bxc4 b6 8. O-O Bb7 9. a3 Nbd7 10. b4 c5 11.
dxc5 bxc5 12. bxc5 Nxc5 13. Bb2 Qa5 14. Rb1 Rfd8 15.
Qe2 e6 16. h3 Rac8 17. Ba2 Ba8 18. Rfd1 Nce4 19. Nxe4 Nxe4 20. Bxg7 Kxg7 21. Qb2+ Kg8 22. Ne5 Rxd1+ 23. Rxd1 Nc3 24. Rd7 Qxe5 25. Qd2 Nxa2 26. Rd8+ Rxd8 27. Qxd8+ Kg7 28. Qxa8 a5 29. Qc6 Nc3 30. a4 Ne4 31. f4 Qd5 32. Qc2 Nf6 33. Kh2 Qe4 34. Qb3 Qb4 35. Qc2 Nd5 36. e4 Nxf4 37.
Qf2 e5 38. Qa7 Qxa4 39. Qc7 Qxe4 40. Qxa5 Qxg2# 0-1

[Event "*** Monthly 3|2 Blitz Masters"]
[Site "Chess.com"]
[Date "2014.11.25"]
[Round "4"]
[White "bsmail"]
[Black "esr44"]
[Result "1-0"]
[WhiteElo "2096"]
[BlackElo "2049"]
[TimeControl "180+2"]
[EndTime "11:44:33 PST"]
[Termination "bsmail won by resignation"]

1. e4 c6 2. d4 d5 3. Nd2 dxe4 4.
Nxe4 Bf5 5. Ng3 Bg6 6. h4 h6 7. Nh3 e6 8. Nf4 Bh7 9. Bd3 Bxd3 10. Qxd3 Nf6 11. Bd2 Bd6 12. O-O-O Qc7 13. Nfh5 Nxh5 14. Nxh5 g6 15. Ng7+ Ke7 16. h5 g5 17. Rhe1 Na6 18.
Nf5+ Kd7 19. Nxd6 Qxd6 20. c4 Rad8 21. Bc3 Kc8 22. d5 Rhe8 23. Qh7 Qf4+ 24. Kb1 exd5 25. Rxe8 Rxe8 26. cxd5 Qe4+ 27. Qxe4 Rxe4 28. dxc6 bxc6 29.
f3 Re6 30. Re1 Nc5 31. Rxe6 Nxe6 32. Kc2 Kd7 33. g4 Ke7 34. Kd3 f6 35. Ke4 Nf4 36. Kf5 Kf7 37. Bxf6 Nd5 38. Bd4 a6 39. Ke5 Nb4 40.
Kd6 Nxa2 41. Kxc6 Nb4+ 42. Kb6 Nc2 43. Bf2 Nb4 44. Ka5 Nc6+ 45. Kxa6 Ne5 46. b4 Nxf3 47. b5 Ne5 48. b6 Nd7 49. Bd4 Ke6 50. Bg7 Nc5+ 51. Ka7 Nd7 52. Bxh6 Nxb6 53. Kxb6 Kf6 54. Kc5 1-0

[Event "*** Monthly 3|2 Blitz Masters"]
[Site "Chess.com"]
[Date "2014.11.25"]
[Round "4"]
[White "Sebastian"]
[Black "Byniolus"]
[Result "1-0"]
[WhiteElo "2522"]
[BlackElo "2312"]
[TimeControl "180+2"]
[EndTime "11:44:38 PST"]
[Termination "Sebastian won by resignation"]

1. e4 d6 2. d4 Nf6 3. Nc3 c6 4. f4 Qb6 5. Nf3 Bg4 6. Be2 Bxf3 7.
Bxf3 e5 8. Ne2 Nbd7 9. O-O Be7 10. Kh1 O-O 11. c3 Rfe8 12. g4 Nf8 13. f5 h6 14.
Ng3 N6h7 15. Bg2 Bg5 16. Bxg5 Nxg5 17. Qd2 Ngh7 18. Nh5 Rad8 19. h4 Nd7 20. g5 hxg5 21. hxg5 g6 22. Ng3 Kg7 23. f6+ Kg8 24. Bh3 Ndf8 25.
Rae1 Ne6 26. Bxe6 Rxe6 27. d5 Ree8 28. Re2 cxd5 29. exd5 e4 30. Rxe4 Rxe4 31. Nxe4 Re8 32. Rf4 Qb5 33. Nxd6 Qd7 34. Nxe8 Nxg5 35. Qg2 Qxe8 36.
Qxg5 Qe1+ 37. Qg1 Qd2 38. Qf2 Qxd5+ 39. Rf3 Qxa2 40. Re3 Qa4 41. Qe1 Qc6+ 42. Kg1 Qxf6 43. Re8+ Kh7 44. Qe5 Qb6+ 45. Qd4 1-0

[Event "*** Monthly 3|2 Blitz Masters"]
[Site "Chess.com"]
[Date "2014.11.25"]
[Round "4"]
[White "LePlusMortel"]
[Black "VovAn1991"]
[Result "0-1"]
[WhiteElo "2371"]
[BlackElo "2376"]
[TimeControl "180+2"]
[EndTime "11:44:39 PST"]
[Termination "VovAn1991 won by resignation"]

1. d4 Nf6 2. Nf3 g6 3. c4 Bg7 4. Nc3 O-O 5. e4 d6 6. Be2 Nbd7 7. h4 e5 8. d5 Nc5 9. Nd2 h5 10. b4 Ncd7 11. Rb1 a5 12. a3 axb4 13. axb4 Bh6 14. Nf3 Bxc1 15. Qxc1 Kg7 16. Ng5 c6 17. Qe3 Ra3 18.
O-O cxd5 19. cxd5 Nh7 20. Rfc1 Nxg5 21. hxg5 f5 22. gxf6+ Nxf6 23. Qg5 Qb6 24. Bf3 Bg4 25.
Qe3 Qa6 26. b5 Qa5 27. b6 Rc8 28. Rb5 Qxb5 29. Nxb5 Rxe3 30. Nc7 Rb3 31. Bxg4 Nxg4 32. f3 Rxb6 33. fxg4 Kh7 34. gxh5 gxh5 35. Kf2 Rb3 36.
Rc2 Kg6 37. Kg1 h4 38. Kh2 Kh5 39. Kg1 Rg3 40. Kh2 Kh6 41. Rf2 Rxc7 42. Rf6+ Rg6 0-1

[Event "*** Monthly 3|2 Blitz Masters"]
[Site "Chess.com"]
[Date "2014.11.25"]
[Round "4"]
[White "Yaacovn"]
[Black "DanielRensch"]
[Result "1-0"]
[WhiteElo "2597"]
[BlackElo "2360"]
[TimeControl "180+2"]
[EndTime "11:44:43 PST"]
[Termination "Yaacovn won on time"]

1. d4 Nf6 2. Nf3 c5 3. c3 e6 4. Bf4 b6 5. e3 Bb7 6. Nbd2 Be7 7. Bd3 O-O 8. h3 Nc6 9. O-O a6 10. a4 d6 11. Qe2 Re8 12. Bh2 Bf8 13. Rfe1 g6 14. Rad1 Qc7 15. Ng5 e5 16. Nde4 Nxe4 17.
Nxe4 Bg7 18. dxc5 dxc5 19. Bc4 Na5 20. Bd5 Bxd5 21. Rxd5 Qc6 22. Red1 Qxa4 23. Qf3 Nc6 24. Rd6 Rad8 25. g4 Rxd6 26. Rxd6 Rd8 27. Ng5 e4 28. Qxf7+ Kh8 29. Ne6 Rg8 30. Rd7 Qa1+ 31. Kg2 Qa2 32. Ng5 Qxb2 33. Qd5 1-0

[Event "*** Monthly 3|2 Blitz Masters"]
[Site "Chess.com"]
[Date "2014.11.25"]
[Round "4"]
[White "wonderfultime"]
[Black "lorcho"]
[Result "1-0"]
[WhiteElo "2504"]
[BlackElo "2361"]
[TimeControl "180+2"]
[EndTime "11:44:44 PST"]
[Termination "wonderfultime won by resignation"]

1. d4 e6 2. c4 d5 3. Nc3 c5 4.
cxd5 exd5 5. Nf3 Nc6 6. g3 Nf6 7.
Bg2 Be7 8. O-O O-O 9. Bg5 cxd4 10.
Nxd4 h6 11. Bf4 Bg4 12. Rc1 Qd7 13. Re1 Rfe8 14. Qd2 Rad8 15. Nxc6 bxc6 16. Na4 Bh3 17. Bh1 Ng4 18. Nc5 Qf5 19. f3 Ne5 20. b3 d4 21.
Bxe5 Qxe5 22. Nd3 Qe3+ 23. Qxe3 dxe3 24. f4 Bf6 25. Bxc6 Re7 26. Bb5 h5 27. Nc5 Rd2 28.
Bd3 Rxa2 29. Ne4 Bb2 30. Rc2 Ra1 31. Rxa1 Bxa1 32. Ng5 Bd7 33. Rc7 f6 34. Nf3 Kf8 35. Rxa7 Bc3 36. Nh4 Ke8 37. Ra8+ Kf7 38. f5 Re8 39.
Ra7 Ke7 40. Bb5 Rd8 41. Kg2 Bd4 42. Rxd7+ Rxd7 43. Bxd7 Kxd7 44. Kf3 Kd6 45. Ke4 Bb6 46. Ng2 Kc5 47. Nf4 h4 48. gxh4 Kb4 49. Nd5+ 1-0

[Event "*** Monthly 3|2 Blitz Masters"]
[Site "Chess.com"]
[Date "2014.11.25"]
[Round "4"]
[White "alturas_pacificas"]
[Black "thegormacle"]
[Result "0-1"]
[WhiteElo "2056"]
[BlackElo "2466"]
[TimeControl "180+2"]
[EndTime "11:44:48 PST"]
[Termination "thegormacle won by resignation"]

1. d4 Nf6 2. Bf4 g6 3. e3 Bg7 4. Nf3 O-O 5. Be2 c5 6. c3 d6 7. O-O Be6 8. Nbd2 Qb6 9. Ng5 Bc8 10. Nc4 Qd8 11. dxc5 dxc5 12. Ne5 Qxd1 13. Rfxd1 Nbd7 14.
Nexf7 h6 15. Bc4 hxg5 16. Nxg5+ Kh8 17. Nf7+ Rxf7 18. Bxf7 b6 19. Bxg6 Bb7 20. Rd2 e5 21. Bg5 Nf8 22. Bf5 Ne4 23. Bxe4 Bxe4 24. f3 Ne6 25.
Be7 Re8 26. Bh4 Bg6 27. Rd6 c4 28. e4 Kh7 29. Rad1 Nc5 30. Rd8 Re6 31. R1d6 Rxd6 32. Rxd6 Na4 33. Rd7 Kh6 34. b3 cxb3 35. axb3 Nxc3 36.
Rxa7 Bf8 37. Bf2 Ne2+ 38. Kf1 Nd4 39. Bxd4 exd4 40. Ke2 Be8 41. Kd3 Bc5 42. Kc4 Kg6 43. Ra8 Bf7+ 44. Kd3 Bxb3 45. f4 b5 46. g4 Bc4+ 47.
Kd2 Bb4+ 48. Kc2 d3+ 49. Kd1 Bb3+ 50. Kc1 d2+ 51. Kb2 d1=Q 0-1

[Event "*** Monthly 3|2 Blitz Masters"]
[Site "Chess.com"]
[Date "2014.11.25"]
[Round "4"]
[White "Quinten94"]
[Black "Zhani-Z"]
[Result "1/2-1/2"]
[WhiteElo "2053"]
[BlackElo "1774"]
[TimeControl "180+2"]
[EndTime "11:44:49 PST"]
[Termination "Game drawn by agreement"]

1. e4 e5 2. Nf3 Nc6 3. Bb5 a6 4.
Ba4 Nf6 5. O-O b5 6. Bb3 Bb7 7.
Nc3 Be7 8. d3 O-O 9. a4 b4 10.
Nd5 Na5 11. Nxe7+ Qxe7 12. Ba2 d5 13. exd5 Qd6 14. Re1 Rfe8 15. Ng5 Bxd5 16. Bxd5 Qxd5 17. b3 h6 18. Ne4 Nd7 19. Qg4 Qe6 20. Qxe6 Rxe6 21.
Bd2 c5 22. Be3 Rc8 23. g4 Rg6 24. h3 f5 25. Ng3 fxg4 26. hxg4 Rxg4 27. Kg2 Rg6 28.
Rh1 Nc6 29. Kf1 Nd4 30. Rc1 Nf6 31. Bxd4 cxd4 32. Nf5 Nd5 33. Rg1 Rxg1+ 34. Kxg1 Kf8 35. Nd6 Rc6 36. Nc4 e4 37. dxe4 Nc3 38. Re1 Nxa4 39. Ne5 Re6 40. Nf3 Nc3 41. Nxd4 Rxe4 42. Rxe4 Nxe4 43.
Nc6 Nc5 44. Nxb4 a5 45. Nc6 a4 46. bxa4 Nxa4 1/2-1/2

[Event "*** Monthly 3|2 Blitz Masters"]
[Site "Chess.com"]
[Date "2014.11.25"]
[Round "4"]
[White "GeorgMeier"]
[Black "GedoGluperd"]
[Result "1-0"]
[WhiteElo "2580"]
[BlackElo "2310"]
[TimeControl "180+2"]
[EndTime "11:44:50 PST"]
[Termination "GeorgMeier won by resignation"]

1. Nf3 g6 2. g3 Bg7 3. d4 Nf6 4.
Bg2 O-O 5. O-O d6 6. b3 c5 7. c4 Nc6 8. Bb2 cxd4 9. Nxd4 Bd7 10. Nc3 Qa5 11. e3 Rac8 12. Rc1 Rfe8 13. Re1 Bg4 14. Qd2 Qh5 15. Nd5 Nxd5 16. cxd5 Ne5 17. h4 Bf6 18.
Rf1 g5 19. hxg5 Bg7 20. f4 Nd7 21. Rc2 Bh3 22. Rfc1 Rxc2 23. Rxc2 Nc5 24. Qe2 Bg4 25. Bf3 Bxf3 26. Qxf3 Qg6 27. Qe2 Qe4 28. g4 Qxd5 29. Nf5 Bxb2 30. Rxb2 Qd3 31. Qxd3 Nxd3 32. Rc2 Nc5 33.
b4 Ne6 34. Kf2 Kf8 35. Kf3 a5 36. bxa5 Ra8 37. Rh2 Ke8 38. Rxh7 Rxa5 39. g6 fxg6 40. Rxe7+ Kf8 41. Rxe6 gxf5 42. Rf6+ Ke7 43. Rxf5 Rxa2 44. Rb5 Ra7 45. g5 Kd7 46. g6 Kc6 47. Rg5 Ra8 48. g7 Rg8 49. Kg4 b5 50. Kh5 b4 51. Kg6 b3 52.
Rg2 Kd5 53. Kf7 Rb8 54. g8=Q Rxg8 55. Kxg8 Ke4 56. Rb2 Kxe3 57. f5 d5 1-0

[Event "*** Monthly 3|2 Blitz Masters"]
[Site "Chess.com"]
[Date "2014.11.25"]
[Round "4"]
[White "liczner"]
[Black "VSERGUEI"]
[Result "1-0"]
[WhiteElo "2420"]
[BlackElo "2301"]
[TimeControl "180+2"]
[EndTime "11:45:32 PST"]
[Termination "liczner won on time"]

1. e4 e6 2. d4 d5 3. Nd2 Nf6 4. e5 Nfd7 5. Bd3 c5 6. c3 Nc6 7. Ne2 cxd4 8. cxd4 f6 9. Nf4 Nxd4 10. Qh5+ Ke7 11. exf6+ Nxf6 12. Ng6+ hxg6 13. Qxh8 Kf7 14. Qh4 e5 15. Nf3 Nxf3+ 16. gxf3 Bf5 17. Bxf5 gxf5 18.
Bg5 d4 19. O-O Qd5 20. Bxf6 gxf6 21. Qh7+ Ke6 22. Qg8+ Kd6 23. Qg6 Qe6 24. Kh1 Be7 25. Rg1 Rh8 26. Rac1 f4 27. Qc2 Qd5 28. Rg7 Qxf3+ 29. Kg1 Qc6 30. Qd2 Qb6 31. Qd3 Qa6 32.
Qg6 Qa5 33. Qf7 Qd8 34. Qc4 Qd7 35. b4 b6 36. b5 Rd8 37. Qf7 1-0

[Event "*** Monthly 3|2 Blitz Masters"]
[Site "Chess.com"]
[Date "2014.11.25"]
[Round "4"]
[White "AlmirDzhumaev"]
[Black "ameet100"]
[Result "1-0"]
[WhiteElo "2277"]
[BlackElo "2420"]
[TimeControl "180+2"]
[EndTime "11:45:47 PST"]
[Termination "AlmirDzhumaev won by resignation"]

1. e4 g6 2. Nc3 d6 3. g3 Bg7 4.
Bg2 Nf6 5. d3 O-O 6. Be3 c5 7. h3 Nc6 8. Qd2 Nd4 9. Nd1 Rb8 10. f4 e5 11. c3 Nc6 12. Ne2 exf4 13.
Nxf4 Re8 14. O-O c4 15. Nf2 cxd3 16. Qxd3 Ne5 17. Qc2 b6 18. Rad1 Bb7 19. Nd5 Nxd5 20.
exd5 Nc4 21. Bf4 Ne3 22. Bxe3 Rxe3 23. Ng4 Re8 24. Qf2 f5 25. Nh2 Qg5 26. Nf3 Qe3 27. Rfe1 Qxf2+ 28. Kxf2 Rxe1 29. Kxe1 Re8+ 30. Kf2 h6 31. Nd4 Bxd4+ 32. Rxd4 Re5 33. c4 Kf7 34. b4 Kf6 35. a3 Re8 36. Bf1 g5 37. Bg2 Ba6 38.
Bf1 Rc8 39. Ke3 Ke5 40. h4 Rc7 41. b5 Bc8 42. Rd2 Kf6 43. Kd4 Re7 44. Bd3 Re1 45. hxg5+ Kxg5 46. Re2 Rxe2 47. Bxe2 f4 48. gxf4+ Kxf4 49. a4 Bg4 50. Bxg4 Kxg4 51. c5 bxc5+ 52. Ke3 h5 53. a5 h4 54. b6 axb6 55. axb6 h3 56. Kf2 c4 57. b7 c3 58. b8=Q 1-0

[Event "*** Monthly 3|2 Blitz Masters"]
[Site "Chess.com"]
[Date "2014.11.25"]
[Round "4"]
[White "Dlugy"]
[Black "bugsbunny444"]
[Result "1-0"]
[WhiteElo "2592"]
[BlackElo "2312"]
[TimeControl "180+2"]
[EndTime "11:46:12 PST"]
[Termination "Dlugy won by resignation"]

1. d4 e6 2. c4 b6 3. e4 Bb7 4. Bd3 Bb4+ 5. Bd2 Bxd2+ 6. Nxd2 Qf6 7. Ngf3 Nc6 8. Nb3 a5 9. a4 Nge7 10. O-O d6 11. d5 Nb4 12. Nbd4 Ng6 13. Nb5 Rc8 14. Re1 e5 15. Bf1 h5 16. Qd2 h4 17.
Ra3 Nf4 18. g3 Ng6 19. Ng5 Qe7 20. Bh3 Rb8 21. Bf5 Bc8 22. Bxg6 fxg6 23. f4 hxg3 24. hxg3 Bg4 25. Kg2 Rh5 26. Raa1 Kd7 27. Rh1 Rbh8 28. Rxh5 Rxh5 29. Rh1 exf4 30. gxf4 Rxg5 31. fxg5 Qxe4+ 32. Kg1 Bf3 33. Rh7 Qg4+ 34. Kh2 Kd8 35. Nd4 Nd3 36.
Nxf3 Qxf3 37. Rh3 Qf4+ 38. Qxf4 Nxf4 39. Rh8+ Ke7 40. Rc8 Kd7 41. Rg8 Nd3 42. Rxg7+ Kd8 43. b3 Ne5 44. Kg3 Kc8 45. Kf4 Kd8 46. Ke4 Kc8 47.
Re7 Kd8 48. Rg7 Kc8 49. Ke3 Kd8 50. Ke2 Kc8 51. Kd1 Kd8 52. Kc2 Kc8 53. Kc3 Kd8 54.
b4 axb4+ 55. Kxb4 Kc8 56. Kb5 Kb7 57. Rg8 Ka7 58. a5 bxa5 59. Kxa5 Kb7 60. Kb5 Ka7 61. c5 Kb7 62. c6+ Ka7 63. Rc8 1-0